 Dungeon Crawl Stone Soup version 0.25.1-2-g60ff931 (webtiles) character file.

Game seed: 15912788938784679902

305 Cassiopeia the Cudgeler (level 6, -3/57 HPs)
             Began as a Minotaur Berserker on Aug 18, 2020.
             Was a Priest of Trog.
             Slain by a gnoll
             ... wielding a +0 halberd of protection
              (7 damage)
             ... on level 4 of the Dungeon.
             The game lasted 00:09:07 (2911 turns).

Cassiopeia the Cudgeler (Minotaur Berserker)        Turns: 2911, Time: 00:09:08

Health: -3/57      AC:  6    Str: 21    XL:     6   Next: 16%
Magic:  5/5        EV:  9    Int:  4    God:    Trog [***...]
Gold:   196        SH:  9    Dex: 12    Spells: 5/5 levels left

rFire    . . .     SeeInvis .   a - +0 mace
rCold    . . .     Gourm    .   k - +0 kite shield
rNeg     . . .     Faith    .   s - +0 ring mail
rPois    .         Spirit   .   (helmet restricted)
rElec    .         Reflect  .   l - +0 cloak
rCorr    .         Harm     .   (no gloves)
MR       .....                  (no boots)
Stlth    +.........             (no amulet)
HPRegen  0.19/turn              (no ring)
MPRegen  0.09/turn              (no ring)

@: berserk cooldown, slowed, very slow
A: retaliatory headbutt, horns 2
a: Berserk, Trog's Hand, Renounce Religion


You were on level 4 of the Dungeon.
You worshipped Trog.
Trog was most pleased with you.
You were very hungry.

You visited 1 branch of the dungeon, and saw 4 of its levels.

You collected 196 gold pieces.

Inventory:

Hand Weapons
 a - a +0 mace (weapon)
 n - a +0 whip
Armour
 k - a +0 kite shield (worn)
 l - a +0 cloak (worn)
 s - a +0 ring mail (worn)
Jewellery
 t - an uncursed ring of ice {unknown}
 x - an uncursed ring of magical power {unknown}
 y - a cursed ring of attention {unknown}
Scrolls
 d - a scroll of identify {unknown}
 f - 3 scrolls of magic mapping
 h - 2 scrolls of teleportation {unknown}
 i - a scroll of random uselessness {unknown}
 q - 4 scrolls of remove curse {unknown}
 v - 2 scrolls of fog {unknown}
 w - 2 scrolls of enchant armour {unknown}
Potions
 e - a potion of degeneration {unknown}
 g - a potion of flight {unknown}
 j - a potion of invisibility {unknown}
 m - a potion of curing {unknown}
 o - a potion of haste {unknown}
 p - a potion of cancellation {unknown}
 r - a potion of magic {unknown}
 u - a potion of heal wounds {unknown}
Comestibles
 b - 6 chunks of flesh
 c - 4 rations


   Skills:
 + Level 5.6 Fighting
 + Level 5.6 Maces & Flails
 + Level 2.6 Armour
 + Level 2.3 Dodging
 + Level 3.7 Shields


You had 5 spell levels left.
You didn't know any spells.
Your spell library was empty.

Dungeon Overview and Level Annotations

Branches:
Dungeon (4/15)
 Temple: D:4-7

Altars:
Yredelemnul
The Shining One


Innate Abilities, Weirdness & Mutations

You reflexively headbutt those who attack you in melee.
You have a pair of horns on your head.


Message History

You closely miss the gnoll.
The gnoll is moderately wounded.
You block the gnoll's attack.
You closely miss the gnoll. Your headbutt misses the gnoll.
The gnoll is moderately wounded.
You hit the gnoll. Your headbutt misses the gnoll.
The gnoll is heavily wounded.
The gnoll hits you but does no damage.
You closely miss the gnoll. Your headbutt misses the gnoll.
The gnoll is heavily wounded.
You are no longer berserk.
Trog's vigour flows through your veins.
You are exhausted.
You feel yourself slow down.
The gnoll hits you with a +0 halberd of protection.
* * * LOW HITPOINT WARNING * * *
You barely miss the gnoll.
The gnoll is heavily wounded.
The gnoll hits you with a +0 halberd of protection!
You die...

###.## ## .#
#..###.# ##
#.....# .#
#...## .##
##...###
..####..#...###
.......####...##
.......#
###..####
......## ###.@.#
......# ###g##
.....## ##..#
#....# #.###
#....# ##g..##
##..## #.....#
##...###
.#########....#
............###


You could see a gnoll.

Vanquished Creatures
  A phantom (D:4)
  A centaur skeleton (D:4)
  3 gnolls (D:4)
  6 adders
  An ooze (D:1)
  3 worms
  2 dart slugs
  5 leopard geckos
  5 orcs (D:3)
  A ball python (D:3)
  7 giant cockroaches
  3 goblins
  6 hobgoblins
  4 jackals (D:4)
  4 quokkas
  10 bats
  9 frilled lizards
  9 kobolds
  12 rats
92 creatures vanquished.

Notes
Turn   | Place    | Note
-------+----------+-------------------------------------------
     0 | D:1      | Cassiopeia the Minotaur Berserker began the quest for the
                  | Orb.
     0 | D:1      | Reached XP level 1. HP: 19/19 MP: 0/0
   267 | D:1      | Reached XP level 2. HP: 20/27 MP: 1/1
   729 | D:1      | Reached skill level 1 in Shields
   786 | D:1      | Reached XP level 3. HP: 22/33 MP: 2/2
  1110 | D:1      | Reached ** piety under Trog
  1453 | D:2      | Reached XP level 4. HP: 32/41 MP: 3/3
  1911 | D:3      | Reached skill level 5 in Maces & Flails
  1912 | D:3      | Reached skill level 5 in Fighting
  2066 | D:3      | Found a faded altar of an unknown god.
  2074 | D:3      | Reached XP level 5. HP: 48/48 MP: 4/4
  2162 | D:3      | Reached *** piety under Trog
  2521 | D:3      | Found a glowing golden altar of the Shining One.
  2538 | D:3      | Found a basalt altar of Yredelemnul.
  2810 | D:4      | Noticed a phantom
  2819 | D:4      | Noticed an ogre
  2829 | D:4      | Killed a phantom
  2900 | D:4      | Reached XP level 6. HP: 25/56 MP: 5/5
  2911 | D:4      | Slain by a gnoll

Illustrated notes

Levels and vault maps discovered:
D:1:      minmay_arrival_glassed_features, layout_basic, minmay_quantized
D:2:      layout_rooms, minmay_distorted
D:3:      layout_basic, grunt_temple_overflow_holy_war, first_ration,
          chequers_ecumenical_altar_simple_redux, minmay_misc_feat_nine_boxes
D:4:      layout_layer_cave, uniq_ijyb, uniq_eustachio, uniq_pikel

Skill      XL: |  1  2  3  4  5 |
---------------+----------------+-----
Fighting       | 4 5 |  5.6
Maces & Flails | 4 5 |  5.6
Shields        | 1 2 3 |  3.7
Armour         | |  2.6
Dodging        | |  2.3

Action                   |  1- 3 |  4- 6 || total
-------------------------+-------+-------++-------
Melee: Mace              |    98 |   116 ||   214
       Headbutt          |    19 |    14 ||    33
Invok: Berserk           |       |     1 ||     1
  Use: Scroll            |       |     1 ||     1
  Eat: Chunk             |     2 |     4 ||     6
Armor: Animal skin       |    19 |       ||    19
       Ring mail         |    12 |    46 ||    58
Dodge: Dodged            |    40 |    53 ||    93
Block: Kite shield       |    40 |    61 ||   101
